 Dungeon Crawl Stone Soup version 0.28-a0-863-g8cecda6153 (webtiles) character file.

Game seed: 17791389977695717644

12211 vineage the Carver (level 11, 0/102 HPs)
             Began as a Demonspawn Gladiator on Nov 18, 2021.
             Was a High Priest of Okawaru.
             Incinerated by a deep elf pyromancer (4 damage)
             ... with a sticky flame
             ... on level 13 of the Dungeon.
             The game lasted 00:18:06 (12495 turns).

vineage the Carver (Demonspawn Gladiator)          Turns: 12495, Time: 00:18:07

Health: 0/102      AC: 21    Str: 19    XL:     11   Next: 59%
Magic:  21/21      EV: 15    Int: 15    God:    Okawaru [*****.]
Gold:   674        SH:  0    Dex: 15    Spells: 10/10 levels left

rFire   . . .      SeeInvis .   m - +4 double sword "Cato" {freeze, *Noise rPois rC+++ rN+}
rCold   + + +      Faith    .   (no shield)
rNeg    + . .      Spirit   .   u - +0 steam dragon scales
rPois   +          Reflect  .   o - +3 hat of Pondering {ponderous, Will+ MP+10 Int+5}
rElec   +          Harm     .   h - +2 cloak {Stlth+}
rCorr   .          Rampage  +   (no gloves)
Will    +++..                   v - +2 pair of boots of Leapfrog {Rampage rElec Will++ Str-4}
Stlth   +.........              (no amulet)
HPRegen 0.27/turn               c - +4 ring of protection
MPRegen 0.17/turn               r - +6 ring of strength

@: on fire, about to teleport, glowing, slow
A: horns 2, ignite blood 2, sharp scales 2, robust 1
a: Renounce Religion, Heroism, Finesse, Duel


You were on level 13 of the Dungeon.
You worshipped Okawaru.
Okawaru was extremely pleased with you.
You visited 2 branches of the dungeon, and saw 12 of its levels.

You collected 674 gold pieces.

Inventory:

Hand Weapons
 a - a +1 long sword
 m - the +4 double sword "Cato" (weapon) {freeze, *Noise rPois rC+++ rN+}
   (You acquired it on level 6 of the Dungeon)

   It freezes those it strikes, dealing additional cold damage.
   It can also slow down cold-blooded creatures.
   rC:        It renders you almost immune to cold.
   rPois:     It protects you from poison.
   rN:        It protects you from negative energy.
   *Noise:    It may make noises in combat.
Missiles
 d - 3 throwing nets (quivered)
Armour
 h - a +2 cloak of stealth (worn)
 o - the +3 hat of Pondering (worn) {ponderous, Will+ MP+10 Int+5}
   (You took it off Gastronok on level 9 of the Dungeon)

   Int:       It affects your intelligence (+5).
   MP:        It affects your magic capacity (+10).
   Will:      It increases your willpower.
 u - +0 steam dragon scales (worn)
 v - the +2 pair of boots of Leapfrog (worn) {Rampage rElec Will++ Str-4}
   (You found it on level 13 of the Dungeon)

   Str:       It affects your strength (-4).
   rElec:     It insulates you from electricity.
   Rampage:   It bestows one free step when moving towards enemies.
   Will:      It greatly increases your willpower.
 x - a scarf of resistance
Jewellery
 c - a +4 ring of protection (left hand)
 j - a ring of ice
 r - a +6 ring of strength (right hand)
Wands
 t - a wand of flame (49)
 w - a wand of iceblast (14)
Scrolls
 f - 3 scrolls of amnesia
 i - 2 scrolls of magic mapping
 l - 2 scrolls of enchant weapon
 q - 3 scrolls of teleportation
Potions
 b - a potion of might
 e - a potion of attraction
 g - 2 potions of curing
 n - a potion of magic {unknown}
 p - 2 potions of resistance
 s - a potion of heal wounds {unknown}


   Skills:
 + Level 11.1 Fighting
 + Level 11.6 Long Blades
 - Level 1.7 Throwing
 * Level 6.0 Armour
 + Level 6.1 Dodging


You had 10 spell levels left.
You didn't know any spells.
Your spell library contained the following spells:

 Spells                   Type           Power      Damage    Failure   Level
 Apportation              Tloc           0%         N/A       26%         1
 Freeze                   Ice            0%         1d3       26%         1
 Pain                     Necr           0%         1d4       26%         1
 Frozen Ramparts          Ice            0%         1d2       63%         3
 Vampiric Draining        Necr           0%         2d6       63%         3
 Hailstorm                Conj/Ice       0%         3d3       95%         4
 Olgreb's Toxic Radiance  Pois           0%         N/A       95%         4
 Agony                    Necr           0%         N/A       100%        5
 Excruciating Wounds      Necr           0%         N/A       100%        5
 Conjure Ball Lightning   Conj/Air       0%         3x3d6     100%        6
 Ozocubu's Refrigeration  Ice            0%         4d5       100%        7
 Discord                  Hex            0%         N/A       100%        8
 Disjunction              Tloc           0%         N/A       100%        8
 Ignition                 Fire           0%         3d3       100%        8
 Animate Skeleton         Necr           Unusable   N/A       N/A         1

Dungeon Overview and Level Annotations

Branches:
Dungeon (10/15)            Temple (1/1) D:4
   Lair: D:8-11         Orc: D:9-12

Altars:
Ashenzari
Cheibriados
Dithmenos
Fedhas
Gozag
Hepliaklqana
Makhleb
Nemelex Xobeh
Okawaru
Sif Muna
Trog
Xom
Yredelemnul
Zin

Shops:
D:1 (   D:3 ?   D:9 ?*


Innate Abilities, Weirdness & Mutations

You have a pair of horns on your head.
Your demonic aura often causes spilled blood to erupt in flames.
You are mostly covered in razor-sharp scales. (AC +2, Slay +2)
You are robust. (+10% HP)


Message History

The two-headed ogre is engulfed in blazing flames.
The two-headed ogre misses you.
The two-headed ogre hits you but does no damage.
You slash the two-headed ogre! You freeze the two-headed ogre.
You hear a piteous moan.
You kill the two-headed ogre!
Okawaru is honoured by your kill. Okawaru grants you ammunition!
Something appears at your feet!
Your Armour skill increases to level 6!
You hit the skeletal warrior.
The skeletal warrior is lightly damaged.
The skeletal warrior is engulfed in blazing flames.
The skeletal warrior hits you with a +0 battleaxe!
* * * LOW HITPOINT WARNING * * *
You completely miss the skeletal warrior.
The skeletal warrior is lightly damaged.
The skeletal warrior hits you with a +0 battleaxe!!
* * * LOW HITPOINT WARNING * * *
As you read the scroll of fog, it crumbles to dust.
The scroll dissolves into smoke.
The skeletal warrior is engulfed in blazing flames.
The skeletal warrior closely misses you.
The skeletal warrior is engulfed in blazing flames.
As you read the scroll of teleportation, it crumbles to dust.
You feel strangely unstable.
The skeletal warrior is engulfed in blazing flames.
The skeletal warrior hits you with a +0 battleaxe.
* * * LOW HITPOINT WARNING * * *
Your surroundings suddenly seem different.
As you read the scroll of teleportation, it crumbles to dust.
You feel strangely unstable.
Found a scroll of blinking.
The deep elf pyromancer gestures wildly while chanting.
The deep elf pyromancer blinks!
The deep elf pyromancer casts a spell at you.
The sticky flame hits you but does no damage.
You are covered in liquid flames!
You are covered in liquid flames!
You die...

#....
####...
#....ยง..
#..e..###
#.....#
#.....#
#.....#
#.....#
#....@#
#.....#
####.##
.. #..
#.? #..
...


You could see a deep elf pyromancer.

Vanquished Creatures
  Gastronok (D:9)
  A two-headed ogre (D:13)
  A centaur warrior (D:13)
  Erica (D:8)
  3 skeletal warriors (D:13)
  Pikel (D:8)
  An ugly thing (D:9)
  A cyclops (D:13)
  A troll (D:7)
  Prince Ribbit (D:6)
  2 shadows (D:10)
  2 wyverns
  A wraith (D:10)
  Grum (D:8)
  8 yaks
  2 steam dragons (D:7)
  A water moccasin (D:7)
  2 orc warriors
  A sky beast (D:6)
  2 necrophages (D:6)
  3 ogres (D:6)
  An ice beast (D:7)
  2 wolves (D:8)
  4 centaurs
  A lemure (D:8)
  2 kobold brigands
  A bullfrog (D:8)
  2 scorpions
  A wyvern zombie (D:6)
  A gnoll sergeant (D:6)
  A water moccasin zombie (D:6)
  A water moccasin skeleton (D:3)
  10 killer bees
  7 wights
  2 howler monkeys (D:10)
  A bullfrog zombie (D:6)
  A crimson imp (D:5)
  4 centaur zombies
  2 hounds
  A centaur skeleton (D:5)
  A jelly (D:7)
  2 orc priests
  6 bullfrog skeletons
  A gnoll shaman (D:8)
  3 iguanas
  7 orc wizards
  2 killer bee zombies
  A howler monkey zombie (D:6)
  13 gnolls
  10 adders
  3 shadow imps
  An adder skeleton (D:4)
  A worm (D:2)
  3 dart slugs
  21 orcs
  4 endoplasms
  8 giant cockroaches
  3 goblins
  7 hobgoblins
  6 jackals
  4 quokkas
  7 ball pythons
  11 bats
  5 frilled lizards
  19 kobolds
  6 rats
237 creatures vanquished.

Vanquished Creatures (others)
  2 withered plants (D:6)
2 creatures vanquished.

Grand Total: 239 creatures vanquished

Notes
Turn   | Place    | Note
-------+----------+-------------------------------------------
     0 | D:1      | vineage the Demonspawn Gladiator began the quest for the
                  | Orb.
     0 | D:1      | Reached XP level 1. HP: 16/16 MP: 1/1
   258 | D:1      | Gained mutation: You are partially covered in razor-sharp
                  | scales. (AC +1, Slay +1) [demonic ancestry]
   258 | D:1      | Reached XP level 2. HP: 23/23 MP: 2/2
   594 | D:1      | Reached XP level 3. HP: 24/29 MP: 3/3
   693 | D:1      | Found Kideogg's Weapon Boutique.
   730 | D:1      | Found a faded altar of an unknown god.
   746 | D:1      | Got Plato's Catalogue of the Traveller
  1601 | D:2      | Gained mutation: You are mostly covered in razor-sharp
                  | scales. (AC +2, Slay +2) [demonic ancestry]
  1601 | D:2      | Reached XP level 4. HP: 22/38 MP: 4/4
  2265 | D:3      | Found Osic's Magic Scroll Boutique.
  2299 | D:3      | Reached skill level 5 in Fighting
  2396 | D:3      | Gained mutation: You have a pair of small horns on your
                  | head. [demonic ancestry]
  2396 | D:3      | Reached XP level 5. HP: 44/44 MP: 5/5
  2693 | D:3      | Noticed an orc warrior
  2701 | D:3      | HP: 2/46 [orc warrior (12)]
  3451 | D:4      | Gained mutation: Your demonic aura sometimes causes spilled
                  | blood to erupt in flames. [demonic ancestry]
  3451 | D:4      | Reached XP level 6. HP: 43/53 MP: 6/6
  3689 | D:4      | Found a basalt altar of Yredelemnul.
  3708 | D:4      | Found a bloodstained altar of Trog.
  3735 | D:4      | Found a snail-covered altar of Cheibriados.
  4115 | D:4      | Found a staircase to the Ecumenical Temple.
  4248 | Temple   | Entered the Ecumenical Temple
  4253 | Temple   | Became a worshipper of Warmaster Okawaru
  4276 | D:5      | Entered Level 5 of the Dungeon
  4320 | D:5      | Found a sparkling altar of Nemelex Xobeh.
  4901 | D:5      | Found a burning altar of Makhleb.
  5056 | D:6      | Found a shadowy altar of Dithmenos.
  5062 | D:6      | Reached XP level 7. HP: 50/61 MP: 7/7
  5143 | D:6      | Identified a scroll of acquirement
  5143 | D:6      | Acquired the +4 double sword "Cato" {freeze, *Noise rPois
                  | rC+++ rN+}
  5448 | D:6      | Reached * piety under Okawaru
  5477 | D:6      | Reached skill level 1 in Armour
  5489 | D:6      | Gained mutation: You have a pair of horns on your head.
                  | [demonic ancestry]
  5489 | D:6      | Reached XP level 8. HP: 55/69 MP: 8/8
  5528 | D:6      | Reached ** piety under Okawaru
  5730 | D:5      | Reached skill level 5 in Long Blades
  5852 | D:6      | Noticed Prince Ribbit
  5857 | D:6      | Killed Prince Ribbit
  6113 | D:6      | Identified the +1 ring mail of Asceticism {*Slow Dex+4}
  6124 | D:6      | Reached *** piety under Okawaru
  6125 | D:6      | Reached XP level 9. HP: 76/76 MP: 9/9
  6327 | D:6      | Found a shimmering blue altar of Sif Muna.
  6624 | D:7      | Noticed a troll
  6640 | D:7      | Killed a troll
  7015 | D:7      | Found a shimmering altar of Xom.
  8039 | D:8      | Noticed Grum
  8053 | D:8      | Killed Grum
  8053 | D:8      | Reached **** piety under Okawaru
  8246 | D:8      | Reached ***** piety under Okawaru
  8251 | D:8      | Reached XP level 10. HP: 29/85 MP: 10/10
  8670 | D:8      | Noticed Erica
  8681 | D:8      | Reached skill level 10 in Fighting
  8758 | D:8      | Gained mutation: You are robust. (+10% HP) [potion of
                  | mutation]
  8759 | D:8      | HP: 6/139 [killer bee (4)]
  9162 | D:8      | Killed Erica
  9162 | D:8      | Received a gift from Okawaru
  9925 | D:8      | Noticed Pikel
  9955 | D:8      | Killed Pikel
  9956 | D:8      | Reached skill level 5 in Dodging
 10148 | D:8      | Found a broken altar of Ashenzari.
 10435 | D:9      | Found a hazy altar of Hepliaklqana.
 10477 | D:9      | Noticed Gastronok
 10643 | D:9      | Found an opulent altar of Gozag.
 10648 | D:9      | Found Zoipesem's Gadget Gallery.
 10723 | D:9      | HP: 1/91 [Gastronok/the air (18)]
 10734 | D:10     | Entered Level 10 of the Dungeon
 10965 | D:9      | Noticed a brown ugly thing
 10996 | D:9      | Killed a brown ugly thing
 10997 | D:9      | Reached skill level 10 in Long Blades
 11158 | D:9      | Killed Gastronok
 11159 | D:9      | Reached skill level 5 in Armour
 11521 | D:9      | Found Sifekhoy's Magic Scroll Boutique.
 11739 | D:10     | Gained mutation: Your demonic aura often causes spilled
                  | blood to erupt in flames. [demonic ancestry]
 11739 | D:10     | Reached XP level 11. HP: 81/101 MP: 11/11
 12400 | D:10     | You fall into a shaft and drop 3 floors!
 12436 | D:13     | Identified the +2 pair of boots of Leapfrog {Rampage rElec
                  | Will++ Str-4}
 12451 | D:13     | Noticed a skeletal warrior
 12452 | D:13     | Noticed a skeletal warrior
 12453 | D:13     | Noticed a centaur warrior
 12453 | D:13     | Noticed a skeletal warrior
 12453 | D:13     | Noticed a skeletal warrior
 12456 | D:13     | Noticed a two-headed ogre
 12461 | D:13     | Killed a skeletal warrior
 12468 | D:13     | Killed a skeletal warrior
 12468 | D:13     | Noticed a deep elf pyromancer
 12477 | D:13     | Killed a skeletal warrior
 12480 | D:13     | Killed a centaur warrior
 12484 | D:13     | Killed a two-headed ogre
 12484 | D:13     | Received a gift from Okawaru
 12489 | D:13     | HP: 3/102 [skeletal warrior (4)]
 12495 | D:13     | Incinerated by a deep elf pyromancer

Illustrated notes

Levels and vault maps discovered:
D:1:      dpeg_arrival_simpleton_b, layout_basic,
          shapermc_ecumenical_altar_rom_forum, serial_glass, glass_columns_b,
          glass_columns_b, serial_shops, nicolae_shop_bloodbath_and_beyond
D:2:      layout_basic, corexii_shack, minmay_diced_spiral
D:3:      layout_loops_ring, general_overflow_altar, serial_shops, shop
D:4:      layout_cave_pools, yredelemnul_altar_generic,
          mainiacjoe_overflow_catch_the_wave, minmay_temple_entry_stoned_glass,
          kennysheep_decorative_pillar
D:5:      layout_cave_pods, makhleb_grotto_becter, nemelex_spade_bored_becter
D:6:      layout_cave_pools, nicolae_sif_muna_little_library,
          mainiacjoe_overflow_chevrons, serial_undead, serial_undead_e,
          serial_undead_a, serial_undead_e, serial_undead_b, uniq_prince_ribbit1
D:7:      layout_basic, overflow_temple_1_default, chequers_serial_rivers_room_a
D:8:      layout_loops_corners, mainiacjoe_overflow_alcove_2, bh_walls_and_bars,
          uniq_pikel, uniq_erica, uniq_grum
D:9:      layout_cave_pools, nicolae_gozag_seed_capital, pf_just_have_faith,
          serial_shops, nicolae_shop_advertising_works
          [nicolae_subvault_shop_adworks], minivault_27, nicolae_shop_gadgets,
          uniq_gastronok
D:10:     layout_long_grid
D:13:     layout_basic, grunt_vaults_entry_fortified, minmay_misc_feat_hallway,
          uniq_snorg
Temple:   compressed_dpeg_circular_temple

Skill      XL: |  1  2  3  4  5  6  7  8  9 10 11 |
---------------+----------------------------------+-----
Fighting       | 3 4 5 6 7 8 9 10 11 | 11.1
Long Blades    | 4 6 8 10 11 | 11.6
Armour         | 1 2 4 5 6 |  6.0
Dodging        | 3 4 5 6 |  6.1
Throwing       | |  1.7

Action                   |  1- 3 |  4- 6 |  7- 9 | 10-12 || total
-------------------------+-------+-------+-------+-------++-------
Melee: Long sword        |   129 |   154 |    10 |       ||   293
       Headbutt          |       |    22 |    34 |    44 ||   100
       Double sword      |       |       |   144 |   221 ||   365
  Use: Scroll            |     3 |     4 |     6 |     5 ||    18
       Potion            |       |     3 |       |     7 ||    10
 Stab: Sleeping          |     1 |     3 |       |     1 ||     5
       Distracted        |       |       |     1 |       ||     1
Armor: Leather armour    |    55 |    67 |    41 |       ||   163
       Scale mail        |       |       |    12 |       ||    12
       Steam dragon scal |       |       |     5 |    72 ||    77
       Skin              |       |       |       |    32 ||    32
Dodge: Dodged            |   104 |   102 |   123 |   179 ||   508

Table legend: (Time is in decaauts)
 A = Elapsed time spent in this place.
 B = Non-inter-level travel time spent in this place.
 C = Inter-level travel time spent in this place.
 D = Time resting spent in this place.
 E = Time spent auto-exploring this place.
 F = Levels seen in this place.
 G = Mean time per level.
                   A        B        C        D        E       F      G
               +--------+--------+--------+--------+--------+-----+--------+
         Total |  12676 |  12191 |    485 |      0 |  10221 |  12 | 1056.3 |
       Dungeon |  12665 |  12188 |    477 |      0 |  10221 |  11 | 1151.4 |
        Temple |     10 |      2 |      8 |      0 |      0 |   1 |   10.0 |
               +--------+--------+--------+--------+--------+-----+--------+

Top non-repeatable levels by time:
     D:8: 2176 daAuts
     D:7: 1623 daAuts
     D:9: 1529 daAuts
     D:1: 1233 daAuts
     D:3: 1205 daAuts
     D:6: 1096 daAuts
     D:5: 1080 daAuts
     D:2: 1041 daAuts
     D:4: 847 daAuts
    D:10: 735 daAuts
    D:13: 96 daAuts
  Temple: 10 daAuts
